 Dungeon Crawl Stone Soup version 0.25-a0-505-gae4569222e (webtiles) character file.

Game seed: 15010640964863039726, levelgen mode: deterministic

128 kae the Insei (level 4, -1/35 HPs)
             Began as a Demonspawn Gladiator on Feb 14, 2020.
             Killed by nerve-wracking pain
             ... invoked by an orc priest
              (3 damage)
             ... on level 3 of the Dungeon.
             The game lasted 00:01:37 (2281 turns).

kae the Insei (Demonspawn Gladiator)                Turns: 2281, Time: 00:01:37

Health: -1/35      AC:  9    Str: 15    XL:     4   Next: 87%
Magic:  4/4        EV: 13    Int:  9    God:
Gold:   163        SH:  0    Dex: 15    Spells: 3/3 levels left

rFire    + . .     SeeInvis .     - Unarmed
rCold    . . .     Gourm    .   (no shield)
rNeg     . . .     Faith    .   a - +1 leather armour
rPois    .         Spirit   .   (helmet restricted)
rElec    .         Reflect  .   (no cloak)
rCorr    .         Harm     .   (no gloves)
MR       .....                  j - +2 pair of boots
Stlth    +.........             (no amulet)
HPRegen  0.11/turn              (no ring)
MPRegen  0.09/turn              (no ring)

@: no status effects
A: horns 1, slimy green scales 1, fire resistance 1
a: no special abilities


You were on level 3 of the Dungeon.
You were not hungry.

You visited 1 branch of the dungeon, and saw 3 of its levels.

You collected 163 gold pieces.

Inventory:

Missiles
 c - 3 throwing nets (quivered)
Armour
 a - a +1 leather armour (worn)
 b - a +0 helmet
 j - a +2 pair of boots (worn)
Scrolls
 h - 3 scrolls of teleportation
 i - 2 scrolls of amnesia
 l - a scroll of identify
Potions
 e - a potion of curing
 g - 2 potions of degeneration {unknown}
 k - a potion of heal wounds {unknown}
Comestibles
 d - 7 rations
 f - 8 chunks of flesh


   Skills:
 + Level 3.2 Fighting
 - Level 1.7 Throwing
 - Level 3.0 Dodging
 * Level 4.3 Unarmed Combat


You had 3 spell levels left.
You didn't know any spells.
Your spell library was empty.

Dungeon Overview and Level Annotations

Branches:
Dungeon (3/15)

Altars:


Innate Abilities, Weirdness & Mutations

You have a pair of small horns on your head.
You are partially covered in slimy green scales. (AC +2)
Your flesh is heat resistant. (rF+)


Message History

The orc priest is moderately wounded.
You are too injured to fight recklessly!
You are too injured to fight recklessly!
You hit the orc priest but do no damage.
Your headbutt misses the orc priest.
The orc priest is moderately wounded.
The orc priest closely misses you.
You hit the orc priest. You headbutt the orc priest.
The orc priest is almost dead.
The orc priest closely misses you.
You hit the orc priest but do no damage.
You headbutt the orc priest, but do no damage.
The orc priest is almost dead.
The orc priest hits you with a +0 flail.
* * * LOW HITPOINT WARNING * * *
You hit the orc priest but do no damage.
The orc priest is almost dead.
The orc priest invokes the aid of Beogh against you.
Pain shoots through your body!
You die...

......##........#
####. #.)......# #.
#...###### o.
###...# ## ##.....#
###..#.#.#
#..)#..#..#
..########o###.###.#
.........)@# #)# .#
.########### #.# .#
#†# .# ##.###.##
##..#<....
#.........
#...#..... ## ##
###..####... .. ..#
#....# ..


You could see an orc priest.

Vanquished Creatures
  An orc priest (D:3)
  2 adders (D:2)
  4 oozes
  An adder skeleton (D:2)
  A worm (D:2)
  2 leopard geckos
  7 orcs (D:3)
  A bat (D:1)
  4 giant cockroaches
  6 goblins
  6 hobgoblins
  2 jackals (D:1)
  A quokka (D:2)
  A ball python (D:3)
  2 frilled lizards (D:1)
  A kobold (D:3)
  6 rats
48 creatures vanquished.

Notes
Turn   | Place    | Note
-------+----------+-------------------------------------------
     0 | D:1      | kae the Demonspawn Gladiator began the quest for the Orb.
     0 | D:1      | Reached XP level 1. HP: 16/16 MP: 1/1
   295 | D:1      | Reached skill level 3 in Unarmed Combat
   302 | D:1      | Gained mutation: You have a pair of small horns on your
                  | head. [demonic ancestry]
   302 | D:1      | Reached XP level 2. HP: 17/22 MP: 2/2
  1084 | D:2      | Gained mutation: You are partially covered in slimy green
                  | scales. (AC +2) [demonic ancestry]
  1084 | D:2      | Reached XP level 3. HP: 18/28 MP: 3/3
  1886 | D:2      | Found a faded altar of an unknown god.
  2114 | D:3      | Gained mutation: Your flesh is heat resistant. (rF+)
                  | [demonic ancestry]
  2114 | D:3      | Reached XP level 4. HP: 34/34 MP: 4/4
  2187 | D:3      | Reached skill level 4 in Unarmed Combat
  2281 | D:3      | Killed from afar by an orc priest

Levels and vault maps discovered:
D:1:      onia_arrival_pentagram, layout_basic, solitary_fountain,
          kennysheep_small_spiral, hangedman_decor_growths
D:2:      layout_basic, serial_co_window_serial, co_window_paths_b,
          co_window_paths_a, co_window_paths_b, co_window_paths_a,
          co_window_paths_b, co_window_cross_2, co_window_2corner,
          co_window_corner_b, glass_columns_b, glass_columns_a, glass_columns_c,
          glass_columns_b, glass_columns_a, chequers_ecumenical_altar_simple
D:3:      layout_rooms, fedhas_altar_4, serial_glass, glass_columns_b,
          glass_columns_a, first_ration

Skill      XL: |  1  2  3  4 |
---------------+-------------+-----
Unarmed Combat | 3 4 |  4.3
Dodging        | 3 |  3.0
Fighting       | 3 |  3.2
Throwing       | |  1.7

Action                   |  1- 3 |  4- 6 || total
-------------------------+-------+-------++-------
Melee: Unarmed           |   122 |    61 ||   183
       Headbutt          |    17 |    14 ||    31
       Punch             |     2 |     2 ||     4
  Use: Scroll            |     5 |       ||     5
  Eat: Chunk             |     4 |       ||     4
Armor: Leather armour    |    27 |    15 ||    42
Dodge: Dodged            |    82 |    26 ||   108

Table legend:
 A = Non-vault XP
 B = Vault XP
 C = Vault XP percentage of total XP
 D = Non-vault monster count
 E = Vault monster count
 F = Vault count percentage of total count
                 A         B        C        D         E       F
            +---------+---------+-------+---------+---------+-------
      Total |     184 |       0 |   0.0 |      48 |       0 |   0.0
            +---------+---------+-------+---------+---------+-------
        D:1 |      31 |       0 |   0.0 |      15 |       0 |   0.0
        D:2 |      56 |       0 |   0.0 |      14 |       0 |   0.0
        D:3 |      97 |       0 |   0.0 |      19 |       0 |   0.0
            +---------+---------+-------+---------+---------+-------
